 Dungeon Crawl Stone Soup version 0.17-a0-2122-g03d97ec (webtiles) character file.

1335 brucemayne the Cleaver (level 8, -1/64 HPs)
             Began as a Hill Orc Berserker on Oct 21, 2015.
             Was a Follower of Trog.
             Slain by a killer bee (3 damage)
             ... on level 8 of the Dungeon.
             The game lasted 00:11:10 (2163 turns).

brucemayne the Cleaver (Hill Orc Berserker)         Turns: 2163, Time: 00:11:10

Health: -1/64      AC: 13    Str: 21      XL:     8   Next: 61%
Magic:  8/8        EV: 11    Int:  8      God:    Trog [*.....]
Gold:   160        SH:  0    Dex: 14 (15) Spells: 0 memorised, 7 levels left

rFire  . . .     SeeInvis .     a - +0 hand axe
rCold  . . .     Clarity  .     A - +0 plate armour
rNeg   . . .     SustAt   .     (no shield)
rPois  .         Gourm    .     (no helmet)
rElec  .         Spirit   .     (no cloak)
rCorr  .         Warding  .     D - +0 pair of gloves
rMut   .         Stasis   .     k - +0 pair of boots
MR     .....                    (no amulet)
Stlth  ..........               (no ring)
                                B - ring of stealth

@: agile, lethally poisoned (-1 -> -41), very slightly contaminated, hasted,
very quick, not resistant to hostile enchantments, extremely unstealthy
A: no striking features
a: Berserk, Burn Spellbooks, Renounce Religion


You were on level 8 of the Dungeon.
You worshipped Trog.
Trog was aware of your devotion.
You were not hungry.

You visited 1 branch of the dungeon, and saw 9 of its levels.

You collected 160 gold pieces.

Inventory:

Hand Weapons
 a - a +0 hand axe (weapon)
Missiles
 q - 6 tomahawks (quivered)
Armour
 b - a +0 animal skin
 k - a +0 pair of boots (worn)
 l - a +0 buckler
 m - a +0 ring mail
 u - a +2 ring mail of fire resistance
 A - a +0 plate armour (worn)
 D - a +0 pair of gloves (worn)
Jewellery
 B - a ring of stealth (left hand)
Wands
 y - a wand of random effects (22)
Scrolls
 e - 2 scrolls of remove curse
 f - a scroll of identify
 g - a scroll of noise {unknown}
 i - a scroll of fog {unknown}
 j - 2 scrolls of amnesia {unknown}
 n - 2 scrolls of enchant weapon {unknown}
 v - a scroll of torment {unknown}
 x - a scroll of immolation {unknown}
Potions
 o - a potion of lignification
 r - a potion of poison
Comestibles
 c - a chunk of flesh
 s - 2 meat rations
 t - a slice of pizza
 w - a royal jelly
 C - a beef jerky


   Skills:
 - Level 3.6 Fighting
 + Level 13.3 Axes
 - Level 2.1 Armour
 - Level 1.5 Dodging


You had 7 spell levels left.
You didn't know any spells.

Dungeon Overview and Level Annotations

Branches:
Dungeon (9/15)               Lair (0/8) D:8
 Temple: D:4-7          Orc: D:9-12

Altars:
Trog

Shops:
D:7 }


Message History

You feel sick. The killer bee stings you.
* * * LOW HITPOINT WARNING * * *
You are more poisoned.
The killer bee poisons you! The killer bee barely misses you.
The killer bee barely misses you. The killer bee stings you.
* * * LOW HITPOINT WARNING * * *
The killer bee stings you but does no damage. x2
The killer bee stings you.
* * * LOW HITPOINT WARNING * * *
You are more poisoned.
The killer bee poisons you!
The killer bee stings you but does no damage. x3
You are very lightly contaminated with residual magic.
Drink which item? (? for menu, Esc to quit)
You feel agile all of a sudden.
* * * LOW HITPOINT WARNING * * *
You feel sick.
The killer bee stings you but does no damage. x2
The killer bee stings you.
You die...

..#' ####.#
...'### ####.#
....... #....#
.......#####.####
.......#..(..#
.......#(#####
.........#
.......Wy########
........y@......#
........yyy.....#
.........y......#
####............#
#............#
#............#
#............#
#............#
#............#


You could see a phantom and 6 killer bees.

Vanquished Creatures
  2 orc warriors (D:9)
  A sky beast (D:8)
  A black bear (D:7)
  An ice beast (D:8)
  A centaur (D:8)
  5 wights (D:7)
  4 killer bees (D:8)
  A quasit (D:8)
  2 crimson imps (D:8)
  3 orc priests
  A hound (D:4)
  A gnoll shaman (D:4)
  2 orc wizards
  4 adders
  6 gnolls (D:4)
  An ooze (D:2)
  An adder zombie (D:7)
  A worm (D:4)
  4 giant geckos
  8 orcs
  2 giant cockroaches
  6 goblins
  9 hobgoblins
  2 quokkas
  6 bats
  5 giant newts
  A kobold (D:1)
  2 rats
83 creatures vanquished.

Notes
Turn   | Place    | Note
--------------------------------------------------------------
     0 | D:1      | brucemayne the Hill Orc Berserker began the quest for the Orb.
     0 | D:1      | Reached XP level 1. HP: 19/19 MP: 1/1
   104 | D:1      | Reached XP level 2. HP: 13/26 MP: 2/2
   197 | D:1      | Reached skill level 5 in Axes
   375 | D:2      | Reached XP level 3. HP: 25/31 MP: 3/3
   376 | D:2      | Reached ** piety under Trog
   580 | D:2      | Reached skill level 6 in Axes
   638 | D:3      | Reached XP level 4. HP: 23/39 MP: 4/4
   698 | D:4      | Reached skill level 7 in Axes
   700 | D:4      | Reached XP level 5. HP: 19/45 MP: 5/5
   787 | D:4      | Found a bloodstained altar of Trog.
   868 | D:4      | Reached skill level 8 in Axes
   942 | D:4      | Found a bloodstained altar of Trog.
   952 | D:5      | Entered Level 5 of the Dungeon
   967 | D:5      | Reached XP level 6. HP: 28/51 MP: 6/6
  1121 | D:7      | Found Oredol's Gadget Boutique.
  1133 | D:7      | Reached skill level 9 in Axes
  1254 | D:7      | Found a bloodstained altar of Trog.
  1335 | D:7      | Reached skill level 10 in Axes
  1335 | D:7      | Reached XP level 7. HP: 57/57 MP: 7/7
  1540 | D:8      | Found a staircase to the Lair.
  1570 | D:8      | HP: 2/57 [killer bee (2)]
  1644 | D:8      | Reached skill level 11 in Axes
  1717 | D:9      | Noticed a merfolk
  1886 | D:8      | Reached XP level 8. HP: 56/64 MP: 8/8
  1924 | D:8      | Reached skill level 12 in Axes
  2063 | D:8      | Reached skill level 13 in Axes
  2163 | D:8      | HP: 2/64 [poisoned by a killer bee]
  2163 | D:8      | Slain by a killer bee

Vault maps used:
D:1:      mainiacjoe_arrival_reflecting_pool
D:2:      kennysheep_another_room
D:3:      lemuel_upstairs_altar, first_bread
D:4:      bloody_trog, temple_green, kennysheep_small_circle
D:5:      gammafunk_temple_overflow_elements, basic_altar,
          makhleb_altar_promises_db, uniq_blork_the_orc
D:7:      serial_shops, shop, trog_three_pillars_becter
D:8:      lair_0_dummy, kennysheep_doodads
D:9:      kennysheep_housing_project, minmay_misc_feat_hallway,
          hangedman_fish_farm

Action                   |  1- 3 |  4- 6 |  7- 9 || total
-------------------------+-------+-------+-------++-------
Melee: Hand axe          |   100 |   101 |   188 ||   389
Invok: Berserk           |     2 |     4 |     5 ||    11
       Trog's Hand       |     1 |     5 |    10 ||    16
Evoke: Wand              |       |       |     1 ||     1
  Use: Potion            |     1 |       |     9 ||    10
       Scroll            |       |     1 |     5 ||     6
  Eat: Chunk             |       |     8 |     4 ||    12
       Bread ration      |       |       |     1 ||     1
       Beef jerky        |       |       |     1 ||     1
